 Dungeon Crawl Stone Soup version 0.18.1-6-gd335043 (webtiles) character file.

168 M4edhros the Conjurer (level 5, -1/35 HPs)
             Began as a Mummy Conjurer on May 15, 2016.
             Slain by a hound (3 damage)
             ... on level 3 of the Dungeon.
             The game lasted 00:07:38 (3972 turns).

M4edhros the Conjurer (Mummy Conjurer)              Turns: 3972, Time: 00:07:39

Health: -1/35      AC: 12    Str: 11    XL:     5   Next: 24%
Magic:  8/8        EV:  2    Int: 15    God:
Gold:   185        SH:  0    Dex: 13    Spells: 1 memorised, 7 levels left

rFire  x . .     SeeInvis .     c - +0 spear
rCold  + . .     Gourm    .     i - +2 plate armour {rPois}
rNeg   + + +     Faith    .     (no shield)
rPois  ∞         Spirit   .     (no helmet)
rElec  .         Dismiss  .     (no cloak)
rCorr  .         Reflect  .     (no gloves)
SustAt .         Harm     .     (no boots)
MR     .....                    (no amulet)
Stlth  ..........               (no ring)
                                (no ring)

@: not resistant to hostile enchantments, extremely unstealthy
A: no food or potions, fire vulnerability, cold resistance 1, negative energy
resistance 3, torment resistance, unbreathing
a: no special abilities


You were on level 3 of the Dungeon.
You were not hungry.

You visited 1 branch of the dungeon, and saw 6 of its levels.

You collected 185 gold pieces.

Inventory:

Hand Weapons
 c - a +0 spear (weapon)
 j - a +0 hunting sling
Missiles
 k - 117 stones (quivered)
Armour
 a - a +0 robe
 i - a +2 plate armour of poison resistance (worn)
Scrolls
 d - a scroll of fog
 e - a scroll of identify
 g - 2 scrolls of remove curse
 h - a scroll of amnesia
Books
 b - a book of Conjurations

   Spells                             Type                      Level
   a - Magic Dart                     Conjuration                  1
   b - Searing Ray                    Conjuration                  2
   c - Dazzling Spray                 Conjuration/Hexes            3
   d - Fulminant Prism                Conjuration/Hexes            4
   e - Iskenderun's Mystic Blast      Conjuration                  4
   f - Iskenderun's Battlesphere      Conjuration/Charms           5


   Skills:
 + Level 2.0 Slings
 - Level 1.5 Dodging
 - Level 1.5 Stealth
 - Level 2.0 Spellcasting
 + Level 4.9 Conjurations


You had 7 spell levels left.
You knew the following spells:

 Your Spells              Type           Power        Failure   Level  Hunger
a - Magic Dart            Conj           ###.         100%        1    N/A

Dungeon Overview and Level Annotations

Branches:
Dungeon (6/15)
 Temple: D:4-7

Altars:
Gozag
Kikubaaqudgha
Nemelex Xobeh
Ru
Xom
Yredelemnul


Innate Abilities, Weirdness & Mutations

You do not eat or drink.
Your flesh is vulnerable to fire.
You are immune to poison.
Your flesh is cold resistant.
You are immune to negative energy.
You are immune to unholy pain and torment.
You can survive without breathing.


Message History

The hound bites you but does no damage. The orc hits you but does no damage.
You miss the hound.
The hound bites you but does no damage. x2
The orc hits you but does no damage.
Your plate armour prevents you from hitting the hound.
The hound bites you but does no damage. x2; The orc zaps a wand.
You easily resist.
Your plate armour prevents you from hitting the hound.
The hound bites you but does no damage. The orc hits you but does no damage.
You hit the hound but do no damage. The hound bites you but does no damage.
The orc hits you but does no damage. The hound bites you but does no damage.
Your plate armour prevents you from hitting the hound.
The hound bites you but does no damage. The orc hits you but does no damage.
The hound bites you.
* * * LOW HITPOINT WARNING * * *
You miss the hound. The orc hits you but does no damage.
The hound pauses to sniff the ground.
The hound bites you but does no damage.
Your plate armour prevents you from hitting the hound.
The hound bites you.
You die...

#.........#
#....#####.##
#........(#
.#.#<.......##
#.........#
.#.##.....####
#.........# .#
+........'
#.........# .#
#.....####
########..# (#
#.....# ## #..# .#
#.....# #.
##h##.#####..#####.
#@o.(##≈≈####≈≈##.
######≈≈≈((((≈≈†..
##≈≈####≈≈### #≈##
#### #≈# #≈# #w#
#≈≈ ≈≈≈


You could see a hound and an orc.

Vanquished Creatures
  A howler monkey (D:4)
  A gnoll (D:1)
  6 adders
  5 worms
  A dart slug (D:2)
  3 giant geckos
  4 bats
  A giant cockroach (D:4)
  7 goblins
  4 hobgoblins
  4 jackals (D:3)
  A quokka (D:2)
  A ball python zombie (D:5)
  6 giant newts
  3 kobolds
  3 rats
51 creatures vanquished.

Notes
Turn   | Place    | Note
--------------------------------------------------------------
     0 | D:1      | M4edhros the Mummy Conjurer began the quest for the Orb.
     0 | D:1      | Reached XP level 1. HP: 13/13 MP: 3/3
    33 | D:1      | Reached XP level 2. HP: 18/19 MP: 0/5
   501 | D:1      | Reached skill level 4 in Conjurations
   702 | D:2      | Found a faded altar to an unknown god.
   842 | D:2      | Reached XP level 3. HP: 24/24 MP: 0/6
  1741 | D:3      | Found a shimmering altar of Xom.
  1741 | D:3      | Found a basalt altar of Yredelemnul.
  1741 | D:3      | Found a sacrificial altar of Ru.
  1741 | D:3      | Found a sparkling altar of Nemelex Xobeh.
  1743 | D:3      | Found an ancient bone altar of Kikubaaqudgha.
  1744 | D:3      | Found an opulent altar of Gozag.
  1767 | D:3      | Reached skill level 1 in Slings
  1922 | D:3      | Reached XP level 4. HP: 13/30 MP: 7/7
  2016 | D:3      | HP: 1/30 [adder (4)]
  2967 | D:3      | You fall through a shaft for 3 floors!
  2967 | D:6      | Noticed an orc warrior
  3041 | D:5      | Entered Level 5 of the Dungeon
  3278 | D:4      | Reached XP level 5. HP: 35/35 MP: 8/8
  3707 | D:4      | HP: 1/35 [worker ant (3)]
  3970 | D:3      | HP: 1/35 [hound (4)]
  3972 | D:3      | Slain by a hound

Skill      XL: |  1  2  3  4  5 |
---------------+----------------+-----
Conjurations   | 4 |  4.9
Slings         | 1 2 |  2.0
Dodging        | |  1.5
Stealth        | |  1.5
Spellcasting   | |  2.0

Action                   |  1- 3 |  4- 6 || total
-------------------------+-------+-------++-------
Melee: Unarmed           |     3 |       ||     3
       Spear             |   141 |   176 ||   317
 Fire: Hunting sling     |    12 |   103 ||   115
 Cast: Magic Dart        |    24 |       ||    24
  Use: Scroll            |     5 |     3 ||     8
Armor: Robe              |     1 |       ||     1
       Plate armour      |   147 |   318 ||   465
Dodge: Dodged            |    38 |    33 ||    71
